 Dungeon Crawl Stone Soup version 0.22.1-2-g9c5b331383 (webtiles) character file.

160 McIrco the Sneak (level 5, -3/35 HPs)
             Began as a Vampire Enchanter on Jan 5, 2019.
             Was an Initiate of Makhleb.
             Slain by a worm (10 damage)
             ... on level 3 of the Dungeon.
             The game lasted 00:05:25 (4706 turns).

McIrco the Sneak (Vampire Enchanter)                Turns: 4706, Time: 00:05:26

Health: -3/35      AC:  3    Str:  7    XL:     5   Next: 17%
Magic:  1/8        EV: 13    Int: 18    God:    Makhleb [......]
Gold:   99         SH:  0    Dex: 15    Spells: 5/8 levels left

rFire    . . .     SeeInvis +   a - +1 dagger
rCold    + + +     Gourm    .   (no shield)
rNeg     + + +     Faith    .   b - +0 robe
rPois    ∞         Spirit   .   (no helmet)
rElec    .         Reflect  .   o - +0 cloak
rCorr    .         Harm     .   (no gloves)
MR       .....                  (no boots)
Stlth    +++++.....             (no amulet)
HPRegen  0.00/turn              g - ring of protection from cold (curse)
MPRegen  0.11/turn              q - +2 ring of slaying

@: bloodless, non-regenerating
A: fangs 3, see invisible, unbreathing
a: Bat Form, Renounce Religion


You were on level 3 of the Dungeon.
You worshipped Makhleb.
Makhleb was noncommittal.
You were bloodless.

You visited 1 branch of the dungeon, and saw 3 of its levels.

You collected 99 gold pieces.

Inventory:

Hand Weapons
 a - a +1 dagger (weapon)
Armour
 b - a +0 robe (worn)
 o - a +0 cloak (worn)
Jewellery
 g - a cursed ring of protection from cold (left hand)
 q - a +2 ring of slaying (right hand)
Scrolls
 c - 4 scrolls of identify {unknown}
 i - a scroll of noise {unknown}
 j - a scroll of immolation {unknown}
 k - a scroll of remove curse {unknown}
 l - 2 scrolls of amnesia {unknown}
 m - 2 scrolls of teleportation {unknown}
 n - a scroll of enchant armour {unknown}
 p - a scroll of random uselessness {unknown}
Potions
 d - 11 potions of blood
 e - 4 potions of flight {unknown}
 f - a potion of degeneration {unknown}
 h - a potion of agility {unknown}
 r - a potion of curing {unknown}


   Skills:
 + Level 0.2 Fighting
 + Level 2.2 Short Blades
 + Level 2.6 Dodging
 + Level 6.9 Stealth
 + Level 2.4 Spellcasting
 + Level 5.5 Hexes


You had 5 spell levels left.
You knew the following spells:

 Your Spells              Type           Power        Failure   Level  Hunger
a - Corona                Hex            ###....      1%          1    #......
b - Ensorcelled Hibernat  Hex/Ice        ##....       9%          2    ##.....

Your spell library contained the following spells:

 Spells                   Type           Power        Failure   Level  Hunger
 Confuse                  Hex            ###.....     5%          3    ###....
 Tukima's Dance           Hex            ###.....     5%          3    ###....
 Dazzling Spray           Conj/Hex       ##....       17%         3    ###....


Dungeon Overview and Level Annotations

Branches:
Dungeon (3/15)

Altars:
Makhleb
Nemelex Xobeh


Innate Abilities, Weirdness & Mutations

You do not heal naturally.
You are immune to poison.
You have razor-sharp teeth.
You have supernaturally acute eyesight. (SInv)
You can survive without breathing.


Message History

Press: ? - help, Shift-Dir - straight line, f - worm, p - hobgoblin
Aim: a worm (lightly wounded, chance to defeat MR: 51%)
The worm resists with some effort.
The hobgoblin hits you.
* * * LOW HITPOINT WARNING * * *
The worm closely misses you.
Unknown command.
Casting: Ensorcelled Hibernation (safe; 9% risk of failure)
Confirm with . or Enter, or press ? or * to list all spells.
Aiming: Ensorcelled Hibernation (safe; 9% risk of failure)
Press: ? - help, Shift-Dir - straight line, f/p - worm
Aim: a worm (lightly wounded, chance to defeat MR: 51%)
The worm resists with some effort.
The hobgoblin closely misses you.
Casting: Ensorcelled Hibernation (safe; 9% risk of failure)
Confirm with . or Enter, or press ? or * to list all spells.
Aiming: Ensorcelled Hibernation (safe; 9% risk of failure)
Press: ? - help, Shift-Dir - straight line, f/p - worm
Aim: a worm (lightly wounded, chance to defeat MR: 51%)
The worm resists with some effort.
The hobgoblin misses you. The worm bites you!
You die...

#..........# #.......†..##
###...##.#..# #...##..#(#
#...###...## .
#..........####..
#.......)........
#...#####........ #...#
#.g@....... ##### #.#w.......
#...........
##..........#.#.#.
####............#.#.#.
###..............#.#.#.#
#######...%.............#.#.#
#.....#†...............#.#.#
.......)................#.#


You could see a worm and a hobgoblin.

Vanquished Creatures
  A scorpion (D:3)
  Crazy Yiuf (D:2)
  Terence (D:2)
  An adder (D:3)
  An ooze (D:2)
  A dart slug (D:1)
  2 orcs
  5 giant cockroaches
  5 goblins
  5 hobgoblins
  2 jackals (D:3)
  A quokka (D:2)
  4 bats
  6 kobolds
  5 rats
41 creatures vanquished.

Notes
Turn   | Place    | Note
-------+----------+-------------------------------------------
     0 | D:1      | McIrco the Vampire Enchanter began the quest for the Orb.
     0 | D:1      | Reached XP level 1. HP: 13/13 MP: 3/3
  1835 | D:1      | Reached XP level 2. HP: 16/19 MP: 3/5
  1970 | D:1      | Reached skill level 5 in Hexes
  2100 | D:1      | Reached skill level 5 in Stealth
  2864 | D:1      | Learned a level 2 spell: Ensorcelled Hibernation
  2981 | D:2      | Found a sparkling altar of Nemelex Xobeh.
  2988 | D:2      | Reached XP level 3. HP: 24/24 MP: 6/6
  3048 | D:2      | Noticed Terence
  3055 | D:2      | Killed Terence
  3396 | D:2      | Found a runed door.
  3678 | D:2      | Noticed Crazy Yiuf
  3682 | D:2      | Killed Crazy Yiuf
  3682 | D:2      | Reached skill level 6 in Stealth
  3682 | D:2      | Reached XP level 4. HP: 30/30 MP: 7/7
  3804 | D:3      | Found a burning altar of Makhleb.
  3812 | D:3      | Became a worshipper of Makhleb the Destroyer
  4528 | D:3      | Reached XP level 5. HP: 23/35 MP: 6/8
  4706 | D:3      | Slain by a worm

Skill      XL: |  1  2  3  4 |
---------------+-------------+-----
Hexes          | 5 |  5.5
Stealth        | 5 6 |  6.9
Short Blades   | 2 |  2.2
Fighting       | |  0.2
Dodging        | |  2.6
Spellcasting   | |  2.4

Action                   |  1- 3 |  4- 6 || total
-------------------------+-------+-------++-------
Melee: Dagger            |    67 |    63 ||   130
       Bite              |     5 |     2 ||     7
 Cast: Corona            |    10 |     7 ||    17
       Ensorcelled Hiber |     1 |     6 ||     7
 Abil: End Transformatio |       |     2 ||     2
       Bat Form          |       |     2 ||     2
  Use: Potion            |     1 |     1 ||     2
 Stab: Sleeping          |    16 |     5 ||    21
       Distracted        |       |     1 ||     1
Armor: Robe              |     7 |    12 ||    19
Dodge: Dodged            |    32 |    55 ||    87
